 Seeded DCSS version 0.30-a0-389-g8d7d949f56 (webtiles) character file.

Game seed: 13772493377862709193 (custom seed)

20655 valliere the Tainter (level 12, -5/109 HPs)
             Began as a Naga Venom Mage on Dec 3, 2022.
             Was the Champion of Cheibriados.
             Slain by a bone dragon (12 damage)
             ... on level 3 of the Abyss on Dec 4, 2022.
             The game lasted 00:51:10 (14229 turns).

valliere the Tainter (Naga Venom Mage)             Turns: 14229, Time: 00:51:12

Health: -5/109     AC: 12    Str: 25    XL:     12   Next: 81%
Magic:  3/27       EV: 19    Int: 33    God:    Cheibriados [******]
Gold:   633        SH:  0    Dex: 30    Spells: 7/23 levels left

rFire   . . .      SeeInvis +    t - staff of poison
rCold   . . .      Faith    +    (no shield)
rNeg    . . .      Spirit   .    O - +0 troll leather armour
rPois   +          Reflect  .    e - +0 helmet
rElec   .          Harm     .    N - +0 cloak {rCorr}
rCorr   +          Rampage  .    Q - +2 pair of gloves
Will    +....                    (no barding)
Stlth   +++++.....               r
                                   - Hermit's Pendant {Faith Invo=14 Evo=0 MP+5}
HPRegen 1.18/turn                u - ring of wizardry
MPRegen 0.20/turn                T - +4 ring of evasion

@: slightly contaminated, very slow
A: AC +4, large, see invisible, deformed body, poison resistance, slowness 2,
spit poison 2, naga tail 1
a: Breathe Poison Gas, Renounce Religion, Bend Time, Temporal Distortion,
Slouch, Step From Time


You were on level 3 of the Abyss.
You worshipped Cheibriados.
Cheibriados was exalted by your worship.
You visited 2 branches of the dungeon, and saw 13 of its levels.
You visited the Abyss 1 time.

You collected 633 gold pieces.

Inventory:

Hand Weapons
 k - a +2 short sword of venom
Missiles
 j - 34 poisoned darts
Armour
 c - a +1 hat
 e - a +0 helmet (worn)
 B - a +0 chain mail
 I - a +0 leather armour of cold resistance
 N - a +0 cloak of preservation (worn)
 O - a +0 troll leather armour (worn)
 Q - a +2 pair of gloves (worn)
Magical Staves
 t - a staff of poison (weapon)
Jewellery
 r - the Hermit's Pendant (around neck) {Faith Invo=14 Evo=0 MP+5}
   (You found it on level 3 of the Dungeon)

   [amulet of faith]

   It sets your invocations skill to 14 and your evocations skill to 0.
   It allows you to gain divine favour quickly.
   MP:        It affects your magic capacity (+5).
 u - a ring of wizardry (left hand)
 C - an amulet of reflection
 H - an amulet of the acrobat
 S - a ring of resist corrosion
 T - a +4 ring of evasion (right hand)
 U - a +4 ring of evasion
Wands
 y - a wand of paralysis (10)
 K - a wand of iceblast (12)
 M - a wand of quicksilver (8)
Scrolls
 a - 2 scrolls of amnesia {unknown}
 d - a scroll of poison {unknown}
 f - 4 scrolls of enchant weapon
 g - a scroll of immolation
 i - 6 scrolls of teleportation
 l - a scroll of butterflies {unknown}
 o - 2 scrolls of summoning
 q - a scroll of fear {unknown}
 s - 2 scrolls of enchant armour {unknown}
 w - 5 scrolls of magic mapping
 x - a scroll of noise {unknown}
 F - 2 scrolls of vulnerability {unknown}
 G - 3 scrolls of blinking
 J - 3 scrolls of torment
 R - a scroll of identify
Potions
 b - a potion of magic
 h - 4 potions of attraction
 m - a potion of degeneration {unknown}
 n - 3 potions of resistance
 p - 2 potions of cancellation {unknown}
 v - 8 potions of curing
 z - 2 potions of might {unknown}
 A - 4 potions of heal wounds
 D - 2 potions of berserk rage {unknown}
 E - a potion of invisibility
 L - 2 potions of mutation {unknown}
 P - a potion of haste {unknown}


   Skills:
 * Level 7.5 Fighting
 + Level 6.4 Staves
 * Level 3.9 Armour
 + Level 5.7 Dodging
 + Level 11.3 Stealth
 + Level 6.4 Spellcasting
 * Level 4.7 Conjurations
 * Level 7.7 Transmutations
 + Level 12.0 Poison Magic
 - Level 5.0(14.0) Invocations


You had 7 spell levels left.
You knew the following spells:

 Your Spells              Type           Power      Damage    Failure   Level
a - Sting                 Tmut/Pois      100%       1d8       1%          1
b - Olgreb's Toxic Radia  Pois           94%        N/A       1%          4
c - Mephitic Cloud        Conj/Pois/Air  63%        N/A       1%          3
d - Ignite Poison         Fire/Tmut/Pois 69%        N/A       1%          3
e - Irradiate             Conj/Tmut      25%        3d20      4%          5

Your spell library contained the following spells:

 Spells                   Type           Power      Damage    Failure   Level
 Magic Dart               Conj           100%       1d8       1%          1
 Summon Small Mammal      Summ           40%        N/A       1%          1
 Poisonous Vapours        Pois/Air       100%       N/A       1%          2
 Searing Ray              Conj           82%        2d7       1%          2
 Sublimation of Blood     Necr           10%        N/A       2%          2
 Blade Hands              Tmut           28%        N/A       2%          5
 Petrify                  Tmut/Erth      36%        N/A       4%          4
 Call Canine Familiar     Summ           10%        N/A       6%          3
 Kindle Blastsparks       Fire/Tloc/Air  20%        2d11      6%          3
 Portal Projectile        Hex/Tloc       20%        N/A       6%          3
 Summon Guardian Golem    Hex/Summ       10%        N/A       6%          3
 Tukima's Dance           Hex            10%        N/A       6%          3
 Fulminant Prism          Conj/Hex       13%        3d9       7%          4
 Airstrike                Air            5%         2d(1-17)  17%         4
 Summon Lightning Spire   Summ/Air       10%        N/A       17%         4
 Lightning Bolt           Conj/Air       13%        1d26      19%         5
 Freezing Cloud           Conj/Ice/Air   10%        6-21      26%         5


Dungeon Overview and Level Annotations

Branches:
Dungeon (12/15)            Temple (1/1) D:5            Lair (0/5) D:11
    Orc (0/2) D:11

Altars:
Ashenzari
Cheibriados
Dithmenos
Elyvilon
Fedhas
Gozag
Hepliaklqana
Kikubaaqudgha
Makhleb
Nemelex Xobeh
Okawaru
Qazlal
Ru
Sif Muna
Trog
Uskayaw
Vehumet
Wu Jian
Xom
Yredelemnul
Zin
The Shining One

Shops:
D:10 =

Annotations:
D:5 exclusion: ice beast
D:7 1 runed translucent door, Crazy Yiuf
D:11 1 runed translucent door, KennySheep's ghost, novice DgHu
D:12 2 transporters, flotson's ghost, journeyman DsDe


Innate Abilities, Weirdness & Mutations

Your serpentine skin is tough. (AC +4)
You have supernaturally acute eyesight. (SInv)
Armour fits poorly on your strangely shaped body.
Your system is resistant to poisons. (rPois)
You cover ground very slowly.
You can exhale a cloud of poison.
You have a snake-like lower body.


Message History

The bone dragon misses you.
The bone dragon claws you but does no damage.
The bone dragon tramples you but does no damage.
You hear a loud, deep croak!
You hear a shout!
Casting: Mephitic Cloud (safe; 1% risk of failure)
Confirm with . or Enter, or press ? or * to list all spells.
You feel a surge of power!
You ignite the poison in your surroundings!
The bone dragon is engulfed in blazing flames.
The bone dragon bites you!! The bone dragon barely misses you.
The bone dragon closely misses you.
A tentacle flies out from the starspawn's body!
A starspawn tentacle comes into view.
Unknown command.
You hit the bone dragon but do no damage.
The bone dragon is moderately damaged.
The bone dragon bites you. The bone dragon completely misses you.
The bone dragon tramples you.
You hold your ground!
A starspawn tentacle comes into view.
Unknown command.
The bone dragon attacks as you move away!
The bone dragon barely misses you. The bone dragon claws you!
The bone dragon tramples you!
* * * LOW HITPOINT WARNING * * *
The bone dragon is engulfed in blazing flames.
The starspawn tentacle grabs you. The starspawn tentacle constricts you.
* * * LOW HITPOINT WARNING * * *
The starspawn tentacle loses its grip on you.
The tentacle pulls you backwards!
A starspawn tentacle segment comes into view.
The bone dragon closely misses you. The bone dragon claws you!
* * * LOW HITPOINT WARNING * * *
The bone dragon tramples you.
* * * LOW HITPOINT WARNING * * *
You stumble backwards! 2 starspawn tentacle segments come into view.
The starspawn tentacle misses you.
The bone dragon bites you but does no damage.
The bone dragon claws you!
You die...

......
.....
.....
...##
#...## #
#....#.#
##wX....#
##.w@..#
#..D..##
#○...##
#○##..# #
##.#...#
#
φ##......
#.#.#.#.#
#
....#..#
##
......#


You could see a bone dragon, a tentacled starspawn and 2 starspawn tentacles.

Vanquished Creatures
  Kirke (D:12)
  A boulder beetle (D:12)
  Erica (D:8)
  2 two-headed ogres
  2 wizards (D:12)
  Pikel (D:8)
  2 cyclopes (D:11)
  4 manticores
  Joseph (D:7)
  A kobold demonologist (D:11)
  A komodo dragon (D:12)
  Psyche (D:8)
  2 trolls
  An efreet (D:10)
  2 hornets
  4 slime creatures (D:12)
  Prince Ribbit (D:5)
  A shadow (D:11)
  A vampire (D:12)
  A wyvern (D:9)
  7 hogs (D:12)
  A wraith (D:10)
  24 yaks
  A steam dragon (D:7)
  4 basilisks
  2 acid dragons
  A sky beast (D:7)
  An ice beast (D:6)
  7 orc warriors
  3 wolves (D:11)
  2 ogres (D:5)
  4 centaurs
  Blork the orc (D:4)
  4 kobold brigands
  2 bullfrogs
  4 gnoll sergeants
  A necrophage (D:6)
  4 scorpions
  9 killer bees
  5 howler monkeys
  3 electric eels (D:11)
  3 jellies
  7 hounds
  9 orc priests
  2 iguanas
  12 orc wizards
  6 adders
  18 gnolls
  2 shadow imps
  2 white imps
  A worm (D:5)
  43 orcs
  5 bats
  7 endoplasms
  A giant cockroach (D:1)
  8 goblins
  4 hobgoblins
  12 jackals
  27 kobolds
  4 ball pythons
  3 frilled lizards
  A rat (D:1)
298 creatures vanquished.

Vanquished Creatures (others)
  Maurice (D:8)
  A raiju (Abyss:3)
  A golden eye (Abyss:3)
  A small abomination (Abyss:3)
  2 starspawn tentacles (Abyss:3)
6 creatures vanquished.

Grand Total: 304 creatures vanquished

Notes
Turn   | Place    | Note
-------+----------+-------------------------------------------
     0 | D:1      | valliere the Naga Venom Mage began the quest for the Orb.
     0 | D:1      | Reached XP level 1. HP: 15/15 MP: 3/3
   306 | D:1      | Reached XP level 2. HP: 15/22 MP: 5/5
  1025 | D:2      | Reached XP level 3. HP: 27/28 MP: 0/6
  2105 | D:3      | Reached XP level 4. HP: 33/36 MP: 0/7
  2189 | D:3      | Found the Hermit's Pendant {Faith Invo=14 Evo=0 MP+5}
  2618 | D:3      | Learned a level 4 spell: Olgreb's Toxic Radiance
  2759 | D:3      | Noticed a scorpion
  2763 | D:3      | Killed a scorpion
  2764 | D:3      | Reached XP level 5. HP: 43/43 MP: 14/14
  2928 | D:4      | Reached skill level 5 in Poison Magic
  3042 | D:4      | Found a glowing silver altar of Zin.
  3264 | D:4      | Noticed Blork the orc
  3276 | D:4      | Killed Blork the orc
  3277 | D:4      | Reached skill level 1 in Fighting
  3277 | D:4      | Reached skill level 1 in Staves
  3277 | D:4      | Reached XP level 6. HP: 32/51 MP: 13/16
  3428 | D:4      | Found a radiant altar of Vehumet.
  3428 | D:4      | Found a hide-covered altar of Uskayaw.
  4145 | D:5      | Entered Level 5 of the Dungeon
  4145 | D:5      | Found a snail-covered altar of Cheibriados.
  4157 | D:5      | Became a worshipper of Cheibriados the Contemplative
  4191 | D:5      | Noticed Prince Ribbit
  4199 | D:5      | Killed Prince Ribbit
  4200 | D:5      | Reached skill level 5 in Stealth
  4200 | D:5      | Reached skill level 6 in Poison Magic
  4200 | D:5      | Reached XP level 7. HP: 41/58 MP: 15/17
  4421 | D:5      | Learned a level 3 spell: Mephitic Cloud
  4626 | D:5      | Reached * piety under Cheibriados
  4813 | D:5      | Found a staircase to the Ecumenical Temple.
  4819 | Temple   | Entered the Ecumenical Temple
  4998 | D:5      | Noticed an air elemental
  5000 | D:5      | Found a stormy altar of Qazlal.
  5002 | D:5      | Noticed a fire elemental
  5002 | D:5      | Noticed a water elemental
  5133 | D:5      | Reached skill level 7 in Poison Magic
  5133 | D:5      | Reached XP level 8. HP: 47/68 MP: 17/18
  5727 | D:6      | Reached skill level 1 in Invocations
  5962 | D:6      | Reached ** piety under Cheibriados
  6280 | D:6      | Reached skill level 8 in Poison Magic
  6409 | D:6      | Found a shimmering blue altar of Sif Muna.
  6409 | D:6      | Found a burning altar of Makhleb.
  6553 | D:7      | Found a white marble altar of Elyvilon.
  6578 | D:7      | Reached XP level 9. HP: 23/76 MP: 18/19
  6616 | D:7      | Reached *** piety under Cheibriados
  6871 | D:7      | Learned a level 3 spell: Ignite Poison
  6873 | D:7      | Noticed Joseph
  6884 | D:7      | HP: 2/76 [Joseph/sling bullet (11)]
  6885 | D:7      | Killed Joseph
  7183 | D:7      | Found a blossoming altar of Fedhas.
  7243 | D:7      | Found a runed translucent door.
  7244 | D:7      | Noticed Crazy Yiuf
  7971 | D:8      | Reached skill level 9 in Poison Magic
  8076 | D:8      | Reached **** piety under Cheibriados
  8085 | D:8      | Reached XP level 10. HP: 86/86 MP: 2/20
  8238 | D:8      | Noticed Erica
  8256 | D:8      | Killed Erica
  8257 | D:8      | Reached skill level 5 in Transmutations
  8257 | D:8      | Reached skill level 10 in Poison Magic
  8334 | D:8      | Noticed Psyche
  8496 | D:8      | Noticed a two-headed ogre
  8498 | D:8      | Killed Psyche
  8499 | D:8      | Killed a two-headed ogre
  8500 | D:8      | Reached skill level 5 in Spellcasting
  8543 | D:8      | Found an ancient bone altar of Kikubaaqudgha.
  8544 | D:8      | Noticed Pikel
  8549 | D:8      | Killed Pikel
  8561 | D:8      | Reached ***** piety under Cheibriados
  8876 | D:8      | Found an ornate altar of the Wu Jian Council.
  8969 | D:8      | Reached skill level 5 in Fighting
  8970 | D:8      | Reached skill level 5 in Staves
  9146 | D:8      | Noticed Maurice
  9184 | D:8      | Killed Maurice
  9185 | D:8      | Reached skill level 11 in Poison Magic
  9185 | D:8      | Reached XP level 11. HP: 83/94 MP: 21/21
  9479 | D:9      | Reached skill level 5 in Invocations
 10081 | D:9      | Reached skill level 5 in Dodging
 10432 | D:10     | Entered Level 10 of the Dungeon
 10631 | D:10     | Found Luril's Jewellery Boutique.
 10960 | D:10     | Reached skill level 1 in Armour
 10960 | D:10     | Reached skill level 1 in Conjurations
 11118 | D:10     | Reached ****** piety under Cheibriados
 11224 | D:10     | Reached skill level 10 in Stealth
 11415 | D:10     | HP: 2/97 [efreet/fireball (30)]
 11803 | D:11     | Learned a level 5 spell: Irradiate
 11832 | D:11     | Found a staircase to the Orcish Mines.
 11966 | D:11     | Noticed a two-headed ogre
 11976 | D:11     | Killed a two-headed ogre
 12034 | D:11     | Noticed a sixfirhy
 12241 | D:11     | Noticed a cyclops
 12254 | D:11     | Killed a cyclops
 12504 | D:11     | Noticed a cyclops
 12514 | D:11     | Killed a cyclops
 12514 | D:11     | Noticed a manticore
 12516 | D:11     | Reached XP level 12. HP: 84/106 MP: 13/22
 12649 | D:11     | Found a staircase to the Lair.
 12926 | D:11     | Found a runed translucent door.
 12928 | D:11     | Noticed KennySheep's ghost (novice DgHu)
 13295 | D:12     | Noticed a boulder beetle
 13305 | D:12     | Killed a boulder beetle
 13473 | D:12     | Found a transporter.
 13487 | D:12     | Noticed Kirke
 13494 | D:12     | Killed Kirke
 13495 | D:12     | Reached skill level 12 in Poison Magic
 13700 | D:12     | Found a transporter.
 13708 | D:12     | Noticed flotson's ghost (journeyman DsDe)
 14011 | Abyss:3  | Cast into level 3 of the Abyss (a wizard)
 14055 | Abyss:3  | Noticed a starcursed mass
 14105 | Abyss:3  | Noticed a tentacled starspawn
 14109 | Abyss:3  | Paralysed by accursed screaming for 1 turns
 14159 | Abyss:3  | Found a corrupted altar of Lugonu.
 14188 | Abyss:3  | Noticed a green draconian
 14189 | Abyss:3  | Noticed an eidolon
 14219 | Abyss:3  | Noticed a bone dragon
 14225 | Abyss:3  | Noticed a tentacled starspawn
 14225 | Abyss:3  | Gained mutation: You can exhale a cloud of poison.
                  | [mutagenic glow]
 14229 | Abyss:3  | Slain by a bone dragon

Illustrated notes

Levels and vault maps discovered:
D:1:      heliophobic_arrival_enchanted_forest, layout_rooms,
          palyth_stone_intersect
D:2:      layout_loops_ring
D:3:      layout_basic
D:4:      layout_loops_corners, general_overflow_altar,
          chequers_temple_overflow_statue_of_worship, lemuel_flame_loot_1,
          uniq_blork_the_orc
D:5:      layout_rooms, nicolae_qazlal_style_of_elements, slow_altar_1,
          minmay_temple_entry_butterflies, uniq_prince_ribbit1
D:6:      layout_loops_corners, mainiacjoe_overflow_large_starburst
D:7:      wander_river, layout_gridville, mainiacjoe_overflow_paths,
          lemuel_doored_altar, hangedman_glass_teeth, uniq_crazy_yiuf_cottage,
          uniq_joseph
D:8:      layout_rooms, nicolae_wu_jian_immortal_techniques,
          mainiacjoe_overflow_brackets, uniq_erica, uniq_maurice, uniq_pikel,
          uniq_psyche
D:9:      layout_basic
D:10:     layout_loops_cross, serial_shops, shop, minmay_puff
D:11:     layout_roguey, erik_lair_island, minmay_orc_entry_temple_small,
          ebering_ghost_inner_flame, amcnicky_mini_rare_corridor_liquid
D:12:     minmay_smoke_and_mirrors, layout_basic, gammafunk_ghost_stat_death,
          uniq_kirke
Temple:   bh_familiar_temple
Abyss:3:  base: D:3, bh_abyss_xom_lugonu_altar, hangedman_abyss_sting,
          bh_abyss_xom_lugonu_altar, hangedman_abyss_sting,
          lemuel_flamethrower_hall, evilmike_abyss_rune_siren_acolytes

Skill      XL: |  1  2  3  4  5  6  7  8  9 10 11 12 |
---------------+-------------------------------------+-----
Dodging        | 2 3 4 5 |  5.7
Stealth        | 4 5 6 7 8 9 10 11 | 11.3
Transmutations | 2 3 4 5 6 7 |  7.7
Poison Magic   | 5 6 7 8 9 11 12 | 12.0
Fighting       | 1 2 3 4 5 6 7 |  7.5
Staves         | 1 2 3 4 5 6 |  6.4
Spellcasting   | 3 4 5 6 |  6.4
Invocations    | 2 3 4 5 |  5.0
Armour         | 2 3 |  3.9
Conjurations   | 3 4 |  4.7

Action                   |  1- 3 |  4- 6 |  7- 9 | 10-12 || total
-------------------------+-------+-------+-------+-------++-------
Melee: Unarmed           |     7 |       |       |       ||     7
       Short sword       |     9 |    25 |    46 |    33 ||   113
       Staff             |       |       |       |   147 ||   147
       Punch             |       |       |       |     3 ||     3
 Cast: Sting             |    64 |    44 |   144 |   242 ||   494
       Olgreb's Toxic Ra |       |       |    11 |    43 ||    54
       Ignite Poison     |       |       |     5 |    22 ||    27
       Mephitic Cloud    |       |       |     3 |    18 ||    21
       Irradiate         |       |       |       |    10 ||    10
Invok: Bend Time         |       |       |       |     1 ||     1
       Slouch            |       |       |       |     1 ||     1
 Abil: Spit Poison       |    21 |    10 |    20 |    17 ||    68
  Use: Scroll            |       |       |       |    10 ||    10
       Potion            |       |       |       |     1 ||     1
 Stab: Sleeping          |     1 |       |       |     1 ||     2
       Confused          |       |       |     1 |     5 ||     6
Armor: Robe              |     5 |       |       |       ||     5
       Leather armour    |     2 |     7 |    17 |    30 ||    56
       Troll leather arm |       |       |       |    33 ||    33
Dodge: Dodged            |    22 |    23 |    48 |   246 ||   339

Table legend: (Time is in decaauts)
 A = Elapsed time spent in this place.
 B = Non-inter-level travel time spent in this place.
 C = Inter-level travel time spent in this place.
 D = Time resting spent in this place.
 E = Time spent auto-exploring this place.
 F = Levels seen in this place.
 G = Mean time per level.
                   A        B        C        D        E       F      G
               +--------+--------+--------+--------+--------+-----+--------+
         Total |  22094 |  21246 |    848 |    613 |  17583 |  14 | 1578.1 |
       Dungeon |  21406 |  20580 |    826 |    531 |  17309 |  12 | 1783.8 |
        Temple |    298 |    276 |     22 |      0 |    274 |   1 |  298.0 |
         Abyss |    388 |    388 |      0 |     82 |      0 |   1 |  388.0 |
               +--------+--------+--------+--------+--------+-----+--------+

Top non-repeatable levels by time:
    D:10: 2583 daAuts
     D:7: 2505 daAuts
    D:11: 2320 daAuts
     D:9: 2144 daAuts
     D:6: 1970 daAuts
     D:8: 1804 daAuts
     D:4: 1652 daAuts
    D:12: 1477 daAuts
     D:5: 1318 daAuts
     D:3: 1279 daAuts
     D:1: 1221 daAuts
     D:2: 1129 daAuts
 Abyss:3: 388 daAuts
  Temple: 298 daAuts
